Map: Pillars of Gold LE

Players

Trap - Winner!

  • Race: Protoss Protoss
  • Spawn Location: 7:00

HeroMarine

  • Race: Terran Terran
  • Spawn Location: 1:00

Event: DreamHack SC2 Masters 2020 Summer Season Finals

VOD

Have the link to the VOD?

Description

Time

  • Played on: July 18, 2020, 9:46 a.m.
  • Length: 11:00

All games in this series

Show
View Real Time Build Order
Export as new Build Order

Trap Protoss - Winner!

Build Orders: 1 Gate Expand, Blink Stalkers, Colossus Rush 

Get SALT Encoding   

  12  0:00  Probe  
  13  0:12  Probe  
  14  0:17  Pylon  
  14  0:24  Probe  
  15  0:32  Probe  
  15  0:39  Gateway  
  15  0:40  Probe  
  16  0:49  Assimilator  
  17  0:51  Probe  
  18  1:03  Probe  
  19  1:15  Probe  
  20  1:26  Cybernetics Core  
  20  1:36  Nexus  
  20  1:43  Pylon  
  20  1:47  Probe  
  21  1:52  Adept  
  21  1:53  Assimilator  
  21  1:59  Probe  
  22  2:05  Warp Gate  
  24  2:11  Probe  
  24  2:12  Adept  
  26  2:23  Probe  
  26  2:29  Twilight Council  
  27  2:35  Probe  
  28  2:44  Stalker, Probe  
  28  2:47  Probe  
  32  2:52  Probe  
  33  2:59  Probe  
  33  3:05  Probe  
  34  3:06  Blink  
  34  3:11  Probe  
  36  3:19  Probe  
  37  3:23  Probe, Robotics Facility  
  38  3:30  Gateway  
  38  3:32  Probe  
  39  3:35  Probe  
  40  3:41  Pylon  
  40  3:44  Probe  
  40  3:48  Probe  
  42  3:49  Assimilator  
  42  3:50  Assimilator  
  42  3:55  Probe  
  42  4:00  Probe  
  42  4:03  Probe  
  42  4:06  Observer  
  42  4:07  Stalker  
  43  4:11  Probe  
  43  4:12  Pylon, Robotics Bay, Probe  
  46  4:20  Gateway  
  46  4:22  Observer  
  46  4:23  Probe  
  47  4:24  Probe  
  49  4:33  Stalker x2  
  49  4:35  Probe  
  49  4:36  Probe  
  55  4:42  Forge  
  55  4:44  Colossus  
  59  4:57  Pylon  
  61  5:05  Extended Thermal Lance  
  61  5:12  Pylon  
  61  5:15  Probe x2  
  63  5:24  Observer  
  63  5:25  Colossus, Nexus  
  63  5:28  Pylon  
  63  5:29  Protoss Ground Weapons Level 1  
  63  5:41  Sentry  
  70  5:52  Gateway x2  
  70  5:53  Observer, Charge  
  70  5:58  Probe x2  
  72  6:07  Colossus  
  72  6:11  Gateway  
  72  6:13  Gateway  
  72  6:19  Sentry, Observer  
  72  6:22  Shield Battery  
  80  6:31  Stalker x2  
  84  6:34  Probe x2  
  84  6:37  Pylon  
  86  6:42  Pylon  
  86  6:43  Zealot  
  86  6:45  Probe  
  86  6:46  Probe  
  89  6:47  Sentry  
  89  6:50  Zealot  
  89  6:53  Shield Battery  
  93  6:55  Warp Prism  
  93  6:57  Zealot  
  93  6:59  Zealot  
  99  7:09  Zealot  
  99  7:12  Pylon  
  101  7:16  Zealot  
  101  7:17  Zealot  
  101  7:21  Pylon  
  105  7:24  Zealot  
  105  7:28  Zealot x2  
  111  7:34  Zealot x2  
  113  7:37  Protoss Ground Armor Level 1, Probe x3  
  114  7:50  Zealot x3  
  114  7:51  Zealot  
  122  7:57  Probe x3  
  124  8:01  Pylon  
  124  8:02  Observer  
  124  8:04  Pylon  
  125  8:10  Templar Archives  
  125  8:21  Psionic Storm  
  125  8:23  Stalker x2  
  125  8:24  Stalker, Zealot x3  
  125  8:25  Zealot  
  135  8:45  Assimilator, Probe x3  
  138  8:48  High Templar x2  
  138  8:49  Assimilator, High Templar x2  
  146  8:57  Pylon  
  146  8:58  Pylon  
  146  9:03  Pylon  
  146  9:06  Immortal  
  146  9:09  Pylon  
  146  9:14  Pylon  
  146  9:15  High Templar  
  152  9:19  Forge  
  152  9:25  Gravitic Drive  
  152  9:28  Photon Cannon  
  150  9:38  Nexus  
  150  9:39  Pylon  
  150  9:40  High Templar x2  
  154  9:52  Stalker x4  
  158  9:54  Zealot  
  164  10:09  Pylon  
  164  10:10  Pylon  
  164  10:14  Archon  
  146  10:16  Zealot x5  
  146  10:17  Immortal, Zealot  
Show
View Real Time Build Order
Export as new Build Order

HeroMarine Terran 

Build Orders: Reaper Expand 

Get SALT Encoding   

  12  0:01  SCV  
  13  0:13  SCV  
  14  0:18  Supply Depot  
  14  0:25  SCV  
  15  0:39  SCV  
  15  0:40  Barracks  
  16  0:45  Refinery  
  16  0:52  SCV  
  17  1:04  SCV  
  18  1:16  SCV  
  19  1:27  Reaper  
  19  1:28  Orbital Command  
  20  1:48  Command Center  
  20  1:54  SCV  
  21  1:55  Supply Depot  
  21  1:59  Marine  
  22  2:06  SCV  
  23  2:11  Factory  
  23  2:17  Marine  
  23  2:18  SCV  
  25  2:24  Bunker  
  25  2:30  SCV  
  25  2:31  Refinery  
  25  2:35  Barracks Reactor  
  25  2:42  SCV  
  26  2:45  Barracks  
  26  2:54  SCV  
  26  2:56  Factory Tech Lab  
  27  3:03  Orbital Command  
  27  3:06  SCV  
  27  3:15  Marine x2  
  27  3:17  Cyclone  
  32  3:20  SCV  
  33  3:30  SCV  
  33  3:32  SCV  
  33  3:33  Marine x2  
  37  3:34  Barracks Tech Lab  
  37  3:42  SCV  
  37  3:44  SCV  
  37  3:47  Supply Depot  
  39  3:51  Marine x2  
  41  3:56  SCV x2  
  41  3:57  Stimpack  
  41  3:59  Marine  
  42  4:08  Marine x2  
  43  4:11  SCV x2  
  44  4:18  Engineering Bay  
  44  4:21  Siege Tank  
  44  4:24  SCV x2  
  48  4:27  Supply Depot  
  48  4:29  Marine  
  48  4:30  Marine  
  51  4:32  Marine  
  51  4:36  SCV x2  
  54  4:41  Barracks  
  54  4:44  Supply Depot  
  54  4:51  Terran Infantry Weapons Level 1, Missile Turret  
  54  4:55  SCV x2  
  56  5:02  Starport  
  56  5:06  Factory Reactor  
  56  5:07  SCV x2  
  57  5:09  Marauder  
  57  5:10  Marine  
  57  5:11  Marine  
  61  5:17  Refinery  
  61  5:19  SCV  
  61  5:25  Supply Depot  
  61  5:27  Marine  
  62  5:30  Marauder  
  62  5:33  SCV x2  
  65  5:36  Combat Shield  
  65  5:37  Marauder  
  65  5:38  Marine  
  65  5:41  Refinery, Supply Depot  
  68  5:45  Marine  
  69  5:51  Medivac x2  
  69  5:53  Marauder, Factory Reactor  
  75  5:57  Marine  
  75  5:59  Marauder  
  75  6:03  Marine  
  75  6:04  Supply Depot  
  79  6:05  Concussive Shells  
  79  6:14  Marauder  
  79  6:15  Marine  
  82  6:20  Command Center  
  82  6:21  Marine  
  82  6:22  SCV x2  
  82  6:25  Reaper  
  86  6:32  Supply Depot  
  86  6:33  Reaper  
  86  6:36  Marauder  
  86  6:39  Marine  
  90  6:45  Medivac x2  
  94  6:47  Supply Depot  
  94  6:56  Marine  
  94  6:58  Marauder, Supply Depot  
  94  6:59  Marauder  
  99  7:04  SCV x2, Barracks  
  99  7:05  Barracks  
  101  7:15  Starport  
  101  7:16  SCV  
  101  7:17  SCV  
  101  7:18  Marine x2  
  101  7:19  Marauder  
  101  7:22  Factory Reactor  
  107  7:23  Viking  
  107  7:27  Viking  
  107  7:29  SCV  
  111  7:42  SCV  
  111  7:43  SCV  
  113  7:49  Marauder x2  
  117  7:52  Barracks Tech Lab  
  117  7:56  Ghost Academy  
  117  7:57  SCV x2  
  117  7:58  Viking  
  120  8:01  Viking  
  122  8:18  Viking x2  
  127  8:25  Marauder x3  
  131  8:33  Viking x2  
  127  8:44  Orbital Command  
  127  8:46  Marauder  
  129  8:51  Ghost x2  
  129  8:55  Viking  
  135  9:00  Viking  
  135  9:02  Orbital Command, Marine  
  137  9:03  Marine  
  137  9:04  Marine  
  137  9:06  Marine  
  141  9:12  Ghost  
  141  9:14  Supply Depot  
  143  9:20  Marauder  
  143  9:21  Marauder  
  147  9:31  Medivac  
  149  9:35  Marine x2, Medivac  
  153  9:42  Marauder  
  153  9:44  Supply Depot, Marauder  
  156  10:00  Marine  
  156  10:05  Marine  
  156  10:06  Marauder x3  
  136  10:25  Marine x2  
  136  10:27  Marauder x3, Marine x2  
Tags
 
Add a new tag
Caveats
  • Supply blocks, unpowered buildings, or Contaminate may cause inaccurate times.
  • Supply counts are checked every 10 seconds.